 Dungeon Crawl Stone Soup version 0.30.0-5-g1a98f26d00 (webtiles) character file.

Game seed: 12661211544596114298

923 hawla the Twirler (level 8, -12/56 (58) HPs)
             Began as a Meteoran Fire Elementalist on May 10, 2023.
             Was a Follower of Vehumet.
             Mangled by a death yak (23 damage)
             ... on level 8 of the Dungeon.
             The game lasted 00:10:14 (2122 turns).

hawla the Twirler (Meteoran Fire Elementalist)      Turns: 2122, Time: 00:10:14

HP:   -12/56 (58)   AC:  6    Str:  9    XL:     8   Next: 57%
MP:   15/15         EV: 13    Int: 24    God:    Vehumet [*.....]
Gold: 199           SH:  0    Dex: 14    Spells: 8/15 levels left

rFire   + . .        k - +4 mace "Noumom" {drain, *Noise Int+4}
rCold   . . .        y - orb {*channel}
rNeg    . . .        a - +0 robe
rPois   .            v - +1 helmet
rElec   .            e - +0 cloak
rCorr   .            (no gloves)
SInv    .            l - +0 pair of boots
Will    +....        p - amulet of magic regeneration
Stlth   +            x - ring of protection from fire
HPRegen 0.29/turn    (no ring)
MPRegen 0.54/turn

%: channel magic (20%)
@: about to teleport, very slightly contaminated, glowing, lightly drained
A: sense surroundings 1, otherworldly, glowing, explore regen
a: Renounce Religion


You were on level 8 of the Dungeon.
You worshipped Vehumet.
Vehumet was aware of your devotion.
You visited 2 branches of the dungeon, and saw 8 of its levels.

You collected 199 gold pieces.

Inventory:

Hand Weapons
 b - a +2 quarterstaff of chaos
 k - the +4 mace "Noumom" (weapon) {drain, *Noise Int+4}
   (You found it on level 4 of the Dungeon)

   Int:       It affects your intelligence (+4).
   *Noise:    It may make noises in combat.
Armour
 a - a +0 robe (worn)
 e - a +0 cloak (worn)
 l - a +0 pair of boots (worn)
 v - a +1 helmet (worn)
 y - an orb of energy (worn)
Jewellery
 p - an amulet of magic regeneration (around neck)
 x - a ring of protection from fire (left hand)
Wands
 g - a wand of roots (9) (quivered)
 i - a wand of flame (6)
Scrolls
 d - a scroll of identify {unknown}
 f - a scroll of fog {unknown}
 m - 2 scrolls of teleportation
 q - a scroll of fear {unknown}
 s - 2 scrolls of immolation {unknown}
 w - a scroll of brand weapon {unknown}
Potions
 c - 2 potions of curing
 h - 3 potions of ambrosia
 j - 2 potions of invisibility {unknown}
 n - a potion of brilliance {unknown}
 o - a potion of lignification {unknown}
 r - a potion of degeneration {unknown}
 t - a potion of might {unknown}
 u - a potion of berserk rage {unknown}
 z - a potion of cancellation {unknown}
 A - a potion of heal wounds {unknown}


   Skills:
 - Level 0.7 Fighting
 + Level 0.1(4.8) Maces & Flails
 + Level 7.2 Staves
 - Level 2.9 Dodging
 - Level 1.4 Stealth
 - Level 4.2 Spellcasting
 - Level 5.4 Conjurations
 - Level 5.4 Fire Magic


You had 8 spell levels left.
You knew the following spells:

 Your Spells              Type           Power      Damage    Failure   Level
a - Foxfire               Conj/Fire      100%       2x1d9     5%          1
b - Scorch                Fire           62%        2d7       7%          2
c - Flame Wave            Conj/Fire      31%        2d9       26%         4

Your spell library contained the following spells:

 Spells                   Type           Power      Damage    Failure   Level
 Magic Dart               Conj           100%       1d8       5%          1
 Inner Flame              Hex/Fire       18%        N/A       24%         3
 Volatile Blastmotes      Fire/Tloc      36%        2d13      24%         3
 Gell's Gravitas          Tloc           5%         N/A       50%         3
 Summon Forest            Summ/Tloc      2%         N/A       99%         5
 Malign Gateway           Summ/Tloc      2%         N/A       100%        7


Dungeon Overview and Level Annotations

Branches:
Dungeon (8/15) Zot: 2090   Temple (1/1) D:4 Zot: 593
   Lair: D:8-11

Altars:
Makhleb
Trog
Vehumet
Xom
Zin
The Shining One

Annotations:
D:2 Sigmund


Innate Abilities, Weirdness & Mutations

You passively map a small area around you.
You are easily found by Zot.
You glow in the dark.
You regain HP and MP as you explore.


Message History

Vehumet accepts your kill.
The flame wave engulfs the rat!
You kill the rat!
Vehumet accepts your kill.
You hear a bellow!
A death yak comes into view.
A wave of flame ripples out!
The flame wave engulfs the orc!
You kill the orc!
Vehumet accepts your kill.
You finish channelling waves of flame.
Unknown command.
A death yak is nearby!
Found 22 gold pieces.
You see here 22 gold pieces.
You see here 22 gold pieces.
You now have 199 gold pieces (gained 22).
Casting: Flame Wave (quite dangerous; 26% risk of failure)
Confirm with . or Enter, or press ? or * to list all spells.
Flames lash the death yak but do no damage.
Casting: Scorch (safe; 7% risk of failure)
Confirm with . or Enter, or press ? or * to list all spells.
You miscast Scorch.
You are very lightly contaminated with residual magic.
Nothing appears to happen.
Magical energy flows into your mind! The death yak completely misses you.
You hit the death yak. You drain the death yak.
The death yak is lightly wounded.
A death yak comes into view.
The death yak gores you!
The death yak bellows!
You hit the death yak.
The death yak is lightly wounded.
The death yak gores you!!
* * * LOW HITPOINT WARNING * * *
A death yak comes into view.
As you read the scroll labelled ZAEREU VUXYAT, it crumbles to dust.
You feel strangely unstable.
It was a scroll of teleportation.
The death yak bellows!
The death yak gores you!!
You die...

#.# *
#.# *
#Y# *
#Y# ,
#.#
#.#
#.# *
#Y# ,
#@#
#.# ,
**#.#
..#
####
* * *
* *


You could see 3 death yaks.

Vanquished Creatures
  2 phantoms (D:4)
  A bullfrog (D:7)
  A kobold brigand (D:8)
  2 scorpions (D:4)
  A jelly (D:5)
  Crazy Yiuf (D:3)
  A gnoll bouda (D:5)
  4 iguanas
  A sleepcap (D:4)
  Ijyb (D:3)
  Terence (D:3)
  Natasha (D:3)
  2 orc wizards
  2 hell rats (D:8)
  3 gnolls (D:5)
  3 adders
  A river rat (D:8)
  A dart slug (D:4)
  20 orcs
  7 ball pythons
  3 endoplasms
  A goblin (D:4)
  4 hobgoblins
  12 kobolds
  3 quokkas
  3 bats
  2 frilled lizards (D:3)
  A rat (D:8)
85 creatures vanquished.

Vanquished Creatures (others)
  An angel (D:4)
  172 foxfires
173 creatures vanquished.

Grand Total: 258 creatures vanquished

Notes
Turn   | Place    | Note
-------+----------+-------------------------------------------
     0 | D:1      | hawla the Meteoran Fire Elementalist began the quest for
                  | the Orb.
     0 | D:1      | Reached XP level 1. HP: 14/14 MP: 5/5
    95 | D:2      | Reached XP level 2. HP: 15/20 MP: 0/7
    96 | D:2      | Noticed Sigmund
   142 | D:2      | Reached XP level 3. HP: 18/26 MP: 1/8
   145 | D:2      | Learned a level 2 spell: Scorch
   236 | D:3      | Got the Folio of Peregrination
   334 | D:3      | Found a runed translucent door.
   335 | D:3      | Noticed Crazy Yiuf
   344 | D:3      | Killed Crazy Yiuf
   345 | D:3      | Reached XP level 4. HP: 15/34 MP: 7/10
   414 | D:3      | Noticed Natasha
   422 | D:3      | Killed Natasha
   423 | D:3      | Reached skill level 5 in Fire Magic
   423 | D:3      | Reached XP level 5. HP: 22/39 MP: 4/11
   428 | D:3      | Learned a level 4 spell: Flame Wave
   446 | D:3      | Noticed Terence
   461 | D:3      | Killed Terence
   474 | D:3      | Noticed Ijyb
   487 | D:3      | Killed Ijyb
   491 | D:3      | Found a faded altar of an unknown god.
   499 | D:3      | Found a bloodstained altar of Trog.
   721 | D:4      | Reached XP level 6. HP: 33/46 MP: 3/13
   731 | D:4      | Noticed an angel
   732 | D:4      | Found a shimmering altar of Xom.
   732 | D:4      | Found a glowing silver altar of Zin.
   789 | D:4      | Identified the +4 mace "Noumom" {drain, *Noise Int+4}
   974 | D:4      | Reached skill level 1 in Staves
   974 | D:4      | Reached skill level 5 in Conjurations
   974 | D:4      | Reached XP level 7. HP: 45/51 MP: 3/14
   990 | D:4      | Reached skill level 2 in Staves
   994 | D:4      | Reached skill level 3 in Staves
  1082 | D:4      | Found a burning altar of Makhleb.
  1259 | D:4      | Found a staircase to the Ecumenical Temple.
  1377 | Temple   | Entered the Ecumenical Temple
  1380 | Temple   | Became a worshipper of Vehumet
  1582 | D:4      | Reached skill level 4 in Staves
  1782 | D:4      | Killed an angel
  1922 | D:5      | Entered Level 5 of the Dungeon
  1931 | D:5      | Reached skill level 5 in Staves
  1931 | D:5      | Reached XP level 8. HP: 55/58 MP: 9/15
  2009 | D:5      | You fall into a shaft and drop 2 floors!
  2023 | D:7      | Reached skill level 6 in Staves
  2083 | D:8      | Reached skill level 7 in Staves
  2086 | D:8      | Reached * piety under Vehumet
  2086 | D:8      | Offered knowledge of Magic Dart by Vehumet.
  2092 | D:8      | Noticed a death yak
  2120 | D:8      | Noticed a death yak
  2121 | D:8      | Noticed a death yak
  2122 | D:8      | Mangled by a death yak

Illustrated notes

Levels and vault maps discovered:
D:1:      ncdulo_wetmaze, layout_basic, chequers_serial_rivers_room_a
D:2:      layout_basic, basic_altar, ebering_ecumenical_altar_ruins, uniq_robin,
          uniq_sigmund
D:3:      layout_rooms, nicolae_overflow_ecumenical_swirl, uniq_terence,
          uniq_ijyb, uniq_crazy_yiuf_cottage, uniq_natasha
D:4:      layout_layer_cave, grunt_temple_overflow_order_and_chaos_1,
          mainiacjoe_overflow_chevrons, minmay_temple_entry_poolview,
          minmay_fractal_squares_diagonal_5
D:5:      layout_cave_pools, marbit_many_paths,
          mainiacjoe_overflow_catwalk_spiral
D:7:      layout_gridville, dilly_guarded_unrand_devastator
D:8:      layout_loops_ring, dpeg_lair_monsters, st_stairs_5, uniq_grum
Temple:   nicolae_temple_hex_pool

Skill      XL: |  1  2  3  4  5  6  7  8 |
---------------+-------------------------+-----
Spellcasting   | 3 4 |  4.2
Fire Magic     | 4 5 |  5.4
Conjurations   | 3 5 |  5.4
Staves         | 1 5 7 |  7.2
Fighting       | |  0.7
Maces & Flails | |  0.1
Dodging        | |  2.9
Stealth        | |  1.4

Action                     |  1- 3 |  4- 6 |  7- 9 || total
---------------------------+-------+-------+-------++-------
  Melee: Unarmed           |    11 |       |       ||    11
         Quarterstaff      |       |     8 |       ||     8
         Mace              |       |       |    10 ||    10
   Cast: Foxfire           |    26 |    33 |    44 ||   103
         Scorch            |     5 |     8 |    14 ||    27
         Flame Wave        |       |     2 |     7 ||     9
    Use: Potion            |     1 |       |     2 ||     3
         Scroll            |       |       |     1 ||     1
 Armour: Robe              |     4 |     3 |     5 ||    12
  Dodge: Dodged            |    13 |     9 |    22 ||    44
